 Dungeon Crawl Stone Soup version 0.27.1-34-g3ba077fa99 (webtiles) character file.

Game seed: 11314810708746965230

106 pkoi the Ruffian (level 4, -3/38 HPs)
             Began as a Draconian Monk on Jan 17, 2022.
             Killed by divine providence
             ... invoked by an orc priest
              (14 damage)
             ... on level 3 of the Dungeon.
             The game lasted 00:04:58 (2272 turns).

pkoi the Ruffian (Draconian Monk)                   Turns: 2272, Time: 00:04:59

Health: -3/38      AC:  6    Str: 14    XL:     4   Next: 55%
Magic:  4/4        EV: 12    Int: 11    God:
Gold:   128        SH:  0    Dex: 13    Spells: 3/3 levels left

rFire    + . .     SeeInvis .     - Unarmed
rCold    + . .     Faith    .   (no shield)
rNeg     . . .     Spirit   .   (armour unavailable)
rPois    +         Reflect  .   g - +1 hat
rElec    +         Harm     .   (no cloak)
rCorr    +         Rampage  .   (no gloves)
Will     .....                  (no boots)
Stlth    ++........             (no amulet)
HPRegen  0.12/turn              b - ring "Ilet Bif" {rPois rCorr}
MPRegen  0.09/turn              (no ring)

@: resistant
A: AC +5, unfitting armour, cold-blooded
a: no special abilities


You were on level 3 of the Dungeon.
You visited 1 branch of the dungeon, and saw 3 of its levels.

You collected 128 gold pieces.

Inventory:

Armour
 g - a +1 hat (worn)
Jewellery
 b - the ring "Ilet Bif" (left hand) {rPois rCorr}
   (You acquired it on level 3 of the Dungeon)

   [ring of poison resistance]

   rPois:     It protects you from poison.
   rCorr:     It protects you from acid and corrosion.
Scrolls
 d - 3 scrolls of brand weapon
Potions
 c - 2 potions of haste {unknown}
 h - 2 potions of curing {unknown}


   Skills:
 - Level 3.2 Fighting
 - Level 2.6 Dodging
 - Level 1.7 Stealth
 + Level 5.4 Unarmed Combat


You had 3 spell levels left.
You didn't know any spells.
Your spell library contained the following spells:

 Spells                   Type           Power      Damage    Failure   Level
 Gell's Gravitas          Tloc           0%         N/A       71%         3
 Lesser Beckoning         Tloc           0%         N/A       71%         3
 Teleport Other           Tloc           0%         N/A       71%         3


Dungeon Overview and Level Annotations

Branches:
Dungeon (3/15)

Altars:
Wu Jian

Shops:
D:1 (:?


Innate Abilities, Weirdness & Mutations

Your plain brown scales are hard. (AC +5)
You cannot fit into any form of body armour.
You are cold-blooded and may be slowed by cold attacks.


Message History

You see here a ball python corpse.
You barely miss the orc.
The orc wizard shouts!
You punch the orc.
The orc is lightly wounded.
The orc misses you.
You closely miss the orc.
The orc is lightly wounded.
You hit the orc.
The orc is severely wounded.
The orc closely misses you.
You hit the orc but do no damage.
The orc is severely wounded.
The orc closely misses you.
You hit the orc.
The orc is almost dead.
The orc barely misses you.
You hit the orc.
You kill the orc!
You barely miss the orc.
You tail-slap the orc, but do no damage.
You punch the orc, but do no damage.
The orc priest invokes the aid of Beogh against you.
Beogh smites you! The orc hits you with a +0 mace.
* * * LOW HITPOINT WARNING * * *
You are too injured to fight recklessly!
You are too injured to fight recklessly!
You are too injured to fight recklessly!
You are too injured to fight recklessly!
The orc priest casts a cantrip, but nothing happens.
Okay, then.
It was a potion of resistance.
You feel protected. The orc misses you.
The orc priest calls down the wrath of Beogh upon you.
Beogh smites you!
* * * LOW HITPOINT WARNING * * *
The orc priest mumbles some strange prayers to Beogh against you.
Beogh smites you!
You die...

#.##.#.# #.##.#.#
#......# ####...#
#>....# #.#..####.#
#.#.......#
#.##)###### #@##.#
#o##.# #.##.# #.##.#
#.##.# ###o##.#
#......#
..###########.###..#
......)ooo....# ..#


You could see an orc priest and an orc.

Vanquished Creatures
  4 adders
  3 worms (D:2)
  An orc (D:3)
  5 ball pythons
  5 bats
  10 endoplasms
  3 giant cockroaches
  4 goblins
  9 hobgoblins
  2 quokkas (D:2)
  3 frilled lizards (D:2)
  4 kobolds
  4 rats
57 creatures vanquished.

Notes
Turn   | Place    | Note
-------+----------+-------------------------------------------
     0 | D:1      | pkoi the Draconian Monk began the quest for the Orb.
     0 | D:1      | Reached XP level 1. HP: 19/19 MP: 1/1
    16 | D:1      | Found Cicruel's Magic Scroll Shoppe.
    84 | D:1      | Reached XP level 2. HP: 21/26 MP: 2/2
   401 | D:1      | Reached skill level 4 in Unarmed Combat
   791 | D:1      | Found Kyawk's Weapon Boutique.
   951 | D:1      | Found Lenerph's Book Boutique.
  1051 | D:2      | Reached XP level 3. HP: 31/31 MP: 3/3
  1486 | D:2      | Found a faded altar of an unknown god.
  1799 | D:2      | Found an ornate altar of the Wu Jian Council.
  1809 | D:2      | Reached skill level 5 in Unarmed Combat
  1809 | D:2      | Reached XP level 4. HP: 38/38 MP: 4/4
  2187 | D:3      | Identified a scroll of acquirement
  2187 | D:3      | Acquired the ring "Ilet Bif" {rPois rCorr}
  2272 | D:3      | Killed from afar by an orc priest

Illustrated notes

Levels and vault maps discovered:
D:1:      heliophobic_arrival_ceremonial_halls, layout_basic, serial_shops,
          shop, nicolae_shop_window_shopping, shop_fountains
D:2:      minmay_razor_zed, layout_basic, chequers_ecumenical_altar_twisty,
          basic_altar, minmay_door_square, minmay_misc_feat_roman
D:3:      layout_loops_ring, portal_sewer_entry_f

Skill      XL: |  1  2  3 |
---------------+----------+-----
Unarmed Combat | 4 5 |  5.4
Fighting       | |  3.2
Dodging        | |  2.6
Stealth        | |  1.7

Action                   |  1- 3 |  4- 6 || total
-------------------------+-------+-------++-------
Melee: Unarmed           |   133 |    55 ||   188
       Tailslap          |    16 |     9 ||    25
       Punch             |     3 |     3 ||     6
  Use: Scroll            |       |     4 ||     4
       Potion            |       |     1 ||     1
 Stab: Sleeping          |     6 |     1 ||     7
Armor: Skin              |    38 |    13 ||    51
Dodge: Dodged            |    76 |    35 ||   111
